 Dungeon Crawl Stone Soup version 0.18.1-8-gdd0e5ea (webtiles) character file.

12778 nikopol the Spear-Bearer (level 11, 0/102 HPs)
             Began as a Minotaur Berserker on June 4, 2016.
             Was a High Priest of Trog.
             Slain by an unseen horror (2 damage)
             ... on level 11 of the Dungeon.
             The game lasted 00:31:24 (11850 turns).

nikopol the Spear-Bearer (Minotaur Berserker)      Turns: 11850, Time: 00:31:25

Health: 0/102      AC: 14    Str: 22    XL:     11   Next: 66%
Magic:  10/10      EV: 21    Int:  4    God:    Trog [*****.]
Gold:   589        SH:  0    Dex: 16    Spells: 0 memorised, 10 levels left

rFire  . . .     SeeInvis .     x - +0 trident
rCold  . . .     Gourm    .     U - +1 scale mail of Articulation {-Tele +Fly Dex+3}
rNeg   . . .     Faith    +     (no shield)
rPois  .         Spirit   .     (helmet restricted)
rElec  .         Dismiss  .     p - +0 cloak
rCorr  .         Reflect  .     y - +2 pair of gloves
SustAt +         Harm     .     (no boots)
MR     .....     NoTele   +     A - amulet of faith (curse)
Stlth  ..........               H - +5 ring of evasion
                                u - ring of sustain attributes

@: not resistant to hostile enchantments, extremely unstealthy
A: retaliatory headbutt, horns 2
a: Berserk, Trog's Hand, Brothers in Arms, Burn Spellbooks, Renounce Religion,
Evoke Flight


You were on level 11 of the Dungeon.
You worshipped Trog.
Trog was extremely pleased with you.
You were not hungry.

You visited 1 branch of the dungeon, and saw 11 of its levels.
You also visited: Ossuary.

You collected 813 gold pieces.
You spent 224 gold pieces at shops.

Inventory:

Hand Weapons
 a - a +0 spear
 c - a +0 shortbow
 x - a +0 trident (weapon)
 K - a +0 glaive of flaming
Missiles
 o - 145 arrows (quivered)
Armour
 b - a +0 animal skin
 g - a +0 ring mail
 p - a +0 cloak (worn)
 y - a +2 pair of gloves (worn)
 J - the +2 leather armour of the Tundras {rF+}
   (You bought it in a shop on level 8 of the Dungeon)

   It protects you from fire.
 P - a +0 scale mail of magic resistance
 U - the +1 scale mail of Articulation (worn) {-Tele +Fly Dex+3}
   (You found it on level 11 of the Dungeon)

   It affects your dexterity (+3).
   It lets you fly.
   It prevents most forms of teleportation.
Jewellery
 u - a ring of sustain attributes (left hand)
 A - a cursed amulet of faith (around neck)
 H - a +5 ring of evasion (right hand)
Wands
 C - a wand of random effects (38/48)
 E - a wand of lightning (4/15)
 N - a wand of lightning (4/15)
 O - a wand of confusion (25/48)
Scrolls
 n - 5 scrolls of remove curse
 r - 4 scrolls of noise
 t - 11 scrolls of identify
 w - 2 scrolls of fear {unknown}
 B - 4 scrolls of teleportation {unknown}
 D - 2 scrolls of acquirement {unknown}
 G - 2 scrolls of enchant weapon {unknown}
 Q - 2 scrolls of immolation {unknown}
 R - 2 scrolls of random uselessness {unknown}
 S - 3 scrolls of recharging
 T - a scroll of blinking {unknown}
Potions
 e - 2 potions of haste {unknown}
 f - 3 potions of lignification
 i - 10 potions of curing {unknown}
 j - 3 potions of flight {unknown}
 k - 5 potions of degeneration {unknown}
 l - a potion of might {unknown}
 m - a potion of berserk rage {unknown}
 q - 5 potions of heal wounds {unknown}
 s - a potion of brilliance {unknown}
 v - a potion of cancellation {unknown}
 F - a potion of resistance
 L - a potion of cure mutation {unknown}
 V - a potion of beneficial mutation {unknown}
 W - a potion of agility
 X - a potion of mutation {unknown}
Comestibles
 d - 11 slices of pizza
 h - 5 fruits
 z - a beef jerky
 I - 11 bread rations
 M - 4 meat rations
 Y - 9 chunks of flesh


   Skills:
 + Level 11.2 Fighting
 * Level 12.0 Polearms
 * Level 7.0 Bows
 + Level 10.3 Armour
 + Level 9.3 Dodging


You had 10 spell levels left.
You didn't know any spells.

Dungeon Overview and Level Annotations

Branches:
Dungeon (11/15)            Temple (0/1) D:7            Lair (0/8) D:9
    Orc: D:9-12

Altars:
Ashenzari
Dithmenos
Elyvilon
Fedhas
Gozag
Nemelex Xobeh
Okawaru
Pakellas
Trog
Vehumet
Xom

Shops:
D:5 =   D:8 *=(?*   D:11 (


Innate Abilities, Weirdness & Mutations

You reflexively headbutt those who attack you in melee.
You have a pair of horns on your head.


Message History

Something hits you but does no damage. Something hits you.
* * * LOW HITPOINT WARNING * * *
Something barely misses you. Something barely misses you.
Something barely misses you. Something hits you.
* * * LOW HITPOINT WARNING * * *
Something hits you but does no damage.
Something hits you but does no damage. x2
Something misses you. Something hits you but does no damage.
Something barely misses you. Something barely misses you. x2
Something closely misses you. Something hits you!
* * * LOW HITPOINT WARNING * * *
Something barely misses you. Something hits you.
You die...

...#############..............#
..............................#
.......................<......#
.......................########
.############..........# .#
#..........# .#
#..........#######
.############.................
................@.........../.
########......................
########......................
.∩............................
..............................
.....#######.#######..........
.....# #.# #..######## .....#
#.# #..#
.....#######†#######..#########


There were no monsters in sight!

Vanquished Creatures
  A vampire mage (D:10)
  Pikel (D:4)
  A manticore (D:10)
  A cyclops (D:11)
  Joseph (D:7)
  A troll (D:10)
  Prince Ribbit (D:8)
  2 two-headed ogres
  Grinder (D:5)
  A blink frog (D:9)
  A spriggan (D:8)
  A vampire (D:11)
  8 yaks (D:11)
  2 humans (D:9)
  3 hungry ghosts
  A wyvern (D:9)
  2 hippogriffs
  Edmund (D:5)
  Menkaure (D:7)
  4 orc warriors
  2 phantoms
  A black bear (D:8)
  2 ice beasts
  3 sky beasts
  A necrophage (D:6)
  6 ogres
  3 centaurs
  3 big kobolds
  An elf zombie (Ossuary)
  8 giant frogs
  A wyvern skeleton (D:6)
  3 scorpions
  27 killer bees
  2 howler monkeys
  7 crimson imps
  5 centaur zombies
  A quasit (D:10)
  Crazy Yiuf (D:6)
  5 centaur skeletons
  8 hounds
  9 orc priests
  2 human zombies (Ossuary)
  4 jellies
  13 orc wizards
  4 worker ants
  7 iguanas
  2 big kobold zombies (Ossuary)
  A hound zombie (D:10)
  2 hound skeletons
  Robin (D:4)
  2 mummies (Ossuary)
  A howler monkey zombie (D:8)
  11 adders
  2 shadow imps (D:7)
  2 adder skeletons
  2 adder zombies
  2 worms
  3 dart slugs
  4 giant geckos
  34 orcs
  7 giant cockroaches
  17 goblins
  8 hobgoblins
  17 jackals
  21 kobolds
  6 quokkas
  6 bats
  A giant gecko skeleton (D:7)
  8 giant newts
  8 hobgoblin zombies (Ossuary)
  A jackal skeleton (D:6)
  A jackal zombie (Ossuary)
  7 kobold zombies (Ossuary)
  10 orc zombies (Ossuary)
  9 rats
  2 rat zombies (Ossuary)
362 creatures vanquished.

Vanquished Creatures (others)
  A wizard (D:7)
  A slave (D:4)
  A worker ant (D:4)
  A worm (D:4)
  A dart slug (D:4)
  An orc (D:4)
  2 hobgoblins (D:4)
  A quokka (D:7)
  A giant newt (D:4)
  A goblin (D:4)
11 creatures vanquished.

Grand Total: 373 creatures vanquished

Notes
Turn   | Place    | Note
--------------------------------------------------------------
     0 | D:1      | nikopol the Minotaur Berserker began the quest for the Orb.
     0 | D:1      | Reached XP level 1. HP: 19/19 MP: 0/0
   293 | D:1      | Reached XP level 2. HP: 26/27 MP: 1/1
   498 | D:1      | Reached skill level 4 in Polearms
   666 | D:2      | Reached ** piety under Trog
   792 | D:2      | Reached XP level 3. HP: 30/33 MP: 2/2
  1087 | D:2      | Found a shimmering altar of Xom.
  1133 | D:2      | Reached XP level 4. HP: 31/40 MP: 3/3
  1739 | D:3      | Reached *** piety under Trog
  1799 | D:3      | Reached XP level 5. HP: 46/47 MP: 4/4
  1885 | D:3      | Found a sparkling altar of Nemelex Xobeh.
  1885 | D:3      | Noticed an ogre
  1993 | D:4      | Reached skill level 5 in Polearms
  2017 | D:4      | Reached skill level 5 in Fighting
  2028 | D:4      | Reached XP level 6. HP: 51/56 MP: 5/5
  2114 | D:4      | Noticed Pikel
  2118 | D:4      | Noticed a slave
  2122 | D:4      | Noticed a slave
  2127 | D:4      | Noticed a slave
  2131 | D:4      | Killed Pikel
  2131 | D:4      | Reached skill level 6 in Polearms
  2131 | D:4      | Reached skill level 5 in Armour
  2131 | D:4      | Reached XP level 7. HP: 48/63 MP: 6/6
  2200 | D:4      | Found a sand-covered staircase.
  2207 | Ossuary  | Entered an ossuary
  2303 | Ossuary  | Reached skill level 5 in Dodging
  2520 | Ossuary  | Reached XP level 8. HP: 44/71 MP: 7/7
  2927 | D:4      | Noticed Robin
  2932 | D:4      | Reached **** piety under Trog
  2949 | D:4      | Killed Robin
  2957 | D:4      | Reached skill level 7 in Polearms
  3131 | D:5      | Entered Level 5 of the Dungeon
  3144 | D:5      | Noticed Edmund
  3177 | D:5      | Killed Edmund
  3530 | D:5      | Found a sparkling altar of Nemelex Xobeh.
  3634 | D:5      | Noticed Grinder
  3660 | D:5      | Killed Grinder
  4309 | D:5      | Reached skill level 8 in Polearms
  4418 | D:5      | Found Deicon's Jewellery Emporium.
  4582 | D:6      | Reached XP level 9. HP: 81/81 MP: 8/8
  4741 | D:6      | Noticed Crazy Yiuf
  4748 | D:6      | Killed Crazy Yiuf
  5213 | D:7      | Noticed Menkaure
  5222 | D:7      | Killed Menkaure
  5222 | D:7      | Reached ***** piety under Trog
  5406 | D:7      | Found a staircase to the Ecumenical Temple.
  5464 | D:7      | Found an opulent altar of Gozag.
  5550 | D:7      | Found a white marble altar of Elyvilon.
  5596 | D:7      | Noticed Joseph
  5605 | D:7      | Reached skill level 9 in Polearms
  5622 | D:7      | Killed Joseph
  6024 | D:7      | Found a bloodstained altar of Trog.
  6025 | D:7      | Noticed a wizard
  6030 | D:7      | Killed a wizard
  6103 | D:7      | Found a shattered altar of Ashenzari.
  6259 | D:7      | Reached XP level 10. HP: 91/91 MP: 9/9
  6851 | D:7      | Received a gift from Trog
  7305 | D:8      | Found Sioguh's Magic Scroll Shoppe.
  7371 | D:8      | Found Nenoeg's Assorted Antiques.
  7379 | D:8      | Bought a faintly glowing leather armour for 224 gold pieces
  7389 | D:8      | Identified the +2 leather armour of the Tundras {rF+} (You bought it in a shop on level 8 of the Dungeon)
  7499 | D:8      | Reached skill level 10 in Polearms
  7558 | D:8      | Reached skill level 1 in Bows
  7697 | D:8      | Reached skill level 10 in Fighting
  7715 | D:8      | Found Noozar's Weapon Shop.
  8002 | D:8      | Noticed Prince Ribbit
  8038 | D:8      | Killed Prince Ribbit
  8087 | D:8      | Found an oddly glowing altar of Pakellas.
  8176 | D:8      | Found a radiant altar of Vehumet.
  8221 | D:8      | Found a blossoming altar of Fedhas.
  8223 | D:8      | Found Delil's Jewellery Shoppe.
  8293 | D:8      | Found Ynem's General Store.
  8838 | D:9      | Reached skill level 11 in Polearms
  8905 | D:9      | Reached skill level 5 in Bows
  9045 | D:9      | Reached ****** piety under Trog
  9045 | D:9      | Received a gift from Trog
  9148 | D:9      | Found a shadowy altar of Dithmenos.
  9208 | D:9      | Found an iron altar of Okawaru.
  9307 | D:9      | Reached XP level 11. HP: 94/101 MP: 10/10
  9359 | D:9      | Found a staircase to the Lair.
  9401 | D:10     | Entered Level 10 of the Dungeon
  9934 | D:10     | Noticed a vampire mage
  9948 | D:10     | Killed a vampire mage
 10385 | D:10     | Reached skill level 10 in Armour
 10635 | D:11     | Got a distressingly furry scale mail
 10646 | D:11     | Identified the +1 scale mail of Articulation {-Tele +Fly Dex+3} (You found it on level 11 of the Dungeon)
 10652 | D:11     | Found Bidav's Antique Weapon Shoppe.
 10759 | D:11     | Received a gift from Trog
 11362 | D:11     | Received a gift from Trog
 11714 | D:11     | Reached skill level 12 in Polearms
 11848 | D:11     | HP: 1/102 [something (7)]
 11850 | D:11     | Slain by an unseen horror

Skill      XL: |  1  2  3  4  5  6  7  8  9 10 11 |
---------------+----------------------------------+-----
Polearms       | 4 5 6 8 9 11 12 | 12.0
Armour         | 3 4 5 7 8 9 10 | 10.3
Fighting       | 4 5 6 7 9 10 11 | 11.2
Dodging        | 3 4 5 6 7 8 9 |  9.3
Bows           | 5 7 |  7.0

Action                   |  1- 3 |  4- 6 |  7- 9 | 10-12 || total
-------------------------+-------+-------+-------+-------++-------
Melee: Spear             |   118 |   122 |   442 |    67 ||   749
       Headbutt          |    11 |    14 |   102 |   113 ||   240
       Trident           |       |       |    69 |   393 ||   462
       Glaive            |       |       |       |     4 ||     4
       Shortbow          |       |       |       |     1 ||     1
 Fire: Shortbow          |       |       |       |   277 ||   277
Invok: Berserk           |       |       |     4 |       ||     4
       Burn Spellbooks   |       |       |       |     2 ||     2
  Use: Scroll            |       |     4 |       |       ||     4
 Stab: Distracted        |       |     1 |       |       ||     1
  Eat: Chunk             |     1 |     3 |    12 |    20 ||    36
       Meat ration       |       |       |     1 |       ||     1
Armor: Animal skin       |     5 |       |       |       ||     5
       Ring mail         |    11 |    22 |   112 |    11 ||   156
       Leather armour    |       |       |       |    37 ||    37
       Scale mail        |       |       |       |    72 ||    72
Dodge: Dodged            |    51 |    49 |   214 |   422 ||   736
